 Dungeon Crawl Stone Soup version 0.30-a0-141-g30f27751c5 (webtiles) character file.

Game seed: 6037926736832530235

511 qw the Shield-Bearer (level 7, -1/41 HPs)
             Began as a Gargoyle Fighter on Sept 25, 2022.
             Slain by a water moccasin (3 damage)
             ... on level 4 of the Dungeon.
             The game lasted 00:01:32 (3646 turns).

qw the Shield-Bearer (Gargoyle Fighter)             Turns: 3646, Time: 00:01:32

Health: -1/41      AC: 19    Str: 28    XL:     7   Next: 19%
Magic:  0/7        EV:  5    Int:  8    God:
Gold:   199        SH: 13    Dex:  9    Spells: 6/6 levels left

rFire   . . .      SeeInvis .    Y - +0 war axe
rCold   . . .      Faith    .    j - +0 tower shield
rNeg    + . .      Spirit   +    s - +0 chain mail
rPois   inf        Reflect  .    f - +2 helmet
rElec   +          Harm     .    i - +1 cloak {rCorr}
rCorr   +          Rampage  .    (no gloves)
Will    .....                    (no boots)
Stlth   ..........               l - amulet of guardian spirit
HPRegen 0.13/turn                q - +6 ring of strength
MPRegen 0.10/turn                (no ring)

@: no status effects
A: sickness immunity, AC +4, negative energy resistance 1, electricity
resistance, torment resistance 1, petrification resistance
a: no special abilities


You were on level 4 of the Dungeon.
You visited 1 branch of the dungeon, and saw 4 of its levels.

You collected 199 gold pieces.


Innate Abilities, Weirdness & Mutations

You are immune to sickness and miasma.
Your stone body is resilient. (AC +4)
You are immune to poison.
You resist negative energy. (rN+)
You are resistant to electric shocks. (rElec)
You are resistant to unholy torment.
You are immune to petrification.


   Skills:
 - Level 3.2 Fighting
 - Level 4.5 Axes
 - Level 3.2 Armour
 + Level 7.1 Shields


You had 6 spell levels left.
You didn't know any spells.
Your spell library was empty.

Inventory:

Hand Weapons
 b - a +0 morningstar
 Y - a +0 war axe (weapon)
Missiles
 c - 4 boomerangs (quivered)
Armour
 f - a +2 helmet (worn)
 i - a +1 cloak of preservation (worn)
 j - a +0 tower shield (worn)
 s - a +0 chain mail (worn)
Jewellery
 l - an amulet of guardian spirit (around neck)
 q - a +6 ring of strength (left hand)
Scrolls
 n - 2 scrolls of identify
Potions
 a - a potion of heal wounds {unknown}
 d - 2 potions of might
 e - a potion of brilliance {unknown}
 g - 2 potions of haste {unknown}
 k - a potion of curing
 m - a potion of cancellation {unknown}
 r - a potion of flight {unknown}

Dungeon Overview and Level Annotations

Branches:
Dungeon (4/15)
 Temple: D:4-7

Altars:
Makhleb
Ru
Xom
Zin

Portals:
Abyss: D:3

Annotations:
D:3 2 transporters, qw's ghost, amateur GrFi


Message History

The water moccasin bites you but does no damage.
You block the hobgoblin's attack. The wyvern bites you!
You barely miss the hobgoblin.
The hobgoblin is severely wounded.
You closely miss the wyvern. You miss the water moccasin.
You block the wyvern's attack. You block the hobgoblin's attack.
You block the water moccasin's attack.
The wyvern bites you but does no damage.
The hobgoblin hits you.
The ball python bites you but does no damage.
The ball python grabs you. The ball python constricts you.
You block the water moccasin's attack.
The wyvern bites you but does no damage.
You slash the ball python!
You kill the ball python!
You slash the wyvern! You miss the water moccasin. You hit the hobgoblin.
You kill the hobgoblin!
The water moccasin barely misses you.
The wyvern bites you but does no damage.
The water moccasin bites you but does no damage.
You block the wyvern's attack.
You hit the wyvern but do no damage.
The wyvern is severely wounded.
You closely miss the water moccasin. You block the wyvern's attack.
You block the water moccasin's attack.
The water moccasin bites you but does no damage.
The wyvern barely misses you.
You completely miss the wyvern.
The wyvern is severely wounded.
You closely miss the water moccasin. You block the wyvern's attack.
You block the water moccasin's attack.
The wyvern bites you but does no damage.
You block the water moccasin's attack. The wyvern bites you.
You closely miss the wyvern.
The wyvern is heavily wounded.
You closely miss the water moccasin. You block the water moccasin's attack.
You block the wyvern's attack. The water moccasin bites you.
You block the wyvern's attack. The water moccasin bites you.
You die...

***>,,.....#*,#....#
*,,,**##..##,##....#
******#..##*,#.....#
**..#*,,##./...#
**,,***,*#..#####
**,,**,,,##.##
**,,****,*#...#
*,,**,,,,##S..#
*,****,**#.@..#
*,,,......l%..#
****#.......###
#########


You could see a water moccasin and a wyvern.

Vanquished Creatures
  A black bear (D:4)
  A bullfrog (D:4)
  A crimson imp (D:3)
  A gnoll bouda (D:3)
  2 hounds
  An orc wizard (D:4)
  3 gnolls (D:3)
  6 adders
  4 worms
  2 dart slugs
  5 orcs (D:3)
  8 ball pythons
  9 endoplasms
  6 giant cockroaches
  14 goblins
  7 hobgoblins
  8 jackals (D:1)
  12 kobolds
  3 quokkas
  9 bats
  3 frilled lizards
  4 rats
110 creatures vanquished.

Vanquished Creatures (others)
  A fungus (D:2)
  3 plants (D:2)
4 creatures vanquished.

Grand Total: 114 creatures vanquished

Notes
Turn   | Place    | Note
-------+----------+-------------------------------------------
     0 | D:1      | qw the Gargoyle Fighter began the quest for the Orb.
     0 | D:1      | Reached XP level 1. HP: 14/14 MP: 1/1
     0 | D:1      | 0 ||| qw: Version: 0.2-a-10-g399e6c4
     0 | D:1      | 0 ||| qw: Game counter: 107
     0 | D:1      | 0 ||| qw: Always use a shield: true
     0 | D:1      | 0 ||| qw: God list: Okawaru
     0 | D:1      | 0 ||| qw: Allow faded altars: false
     0 | D:1      | 0 ||| qw: Do Orc after D:15 true
     0 | D:1      | 0 ||| qw: Do second Lair branch before Depths: true
     0 | D:1      | 0 ||| qw: Lair rune preference: random
     0 | D:1      | 0 ||| qw: Plans: Normal, Zot:1-4, God:TSO, Crypt, Tomb,
                  | Pan, Slime:5, Hells, Abyss, Orb
     0 | D:1      | 0 ||| PLANNING D:1-11
   170 | D:1      | Reached XP level 2. HP: 16/19 MP: 2/2
   259 | D:1      | 259 ||| Stepping ~*~*~tactically~*~*~ (stealth).
   439 | D:1      | Reached skill level 3 in Axes
   445 | D:1      | Reached XP level 3. HP: 22/23 MP: 3/3
  1149 | D:1      | 1149 ||| UPGRADING to +2 helmet.
  1154 | D:1      | 1154 ||| UPGRADING to +1 cloak of preservation.
  1159 | D:1      | 1159 ||| UPGRADING to +0 tower shield.
  1169 | D:1      | 1169 ||| DROPPING +0 buckler.
  1170 | D:1      | 1170 ||| UPGRADING to amulet of guardian spirit.
  1175 | D:1      | 1175 ||| READING scroll labelled UGELYU NEHUI.
  1176 | D:1      | 1176 ||| READING scroll labelled YWANOELEIN.
  1177 | D:1      | 1177 ||| READING scroll labelled JUNUHAEDDI.
  1178 | D:1      | 1178 ||| READING scroll labelled NOUDAVV AFRE.
  1196 | D:2      | 1196 ||| STAIRDANCE
  1198 | D:2      | 1198 ||| STAIRDANCE
  1295 | D:2      | Reached XP level 4. HP: 28/28 MP: 4/4
  1343 | D:2      | 1343 ||| Stepping ~*~*~tactically~*~*~ (stealth).
  1348 | D:2      | 1348 ||| Stepping ~*~*~tactically~*~*~ (stealth).
  1351 | D:2      | 1351 ||| Stepping ~*~*~tactically~*~*~ (stealth).
  1353 | D:2      | 1353 ||| Stepping ~*~*~tactically~*~*~ (stealth).
  1354 | D:2      | 1354 ||| Stepping ~*~*~tactically~*~*~ (stealth).
  1355 | D:2      | 1355 ||| Stepping ~*~*~tactically~*~*~ (stealth).
  1371 | D:2      | Reached skill level 4 in Shields
  1584 | D:2      | Found a faded altar of an unknown god.
  1658 | D:2      | 1658 ||| READING scroll labelled MUEB ERISSE.
  1659 | D:2      | 1659 ||| READING scroll labelled HOAPEM WIYPRO.
  1660 | D:2      | 1660 ||| DRINKING 3 pink potions.
  1661 | D:2      | 1661 ||| DRINKING 2 smoky silvery potions.
  1662 | D:2      | 1662 ||| DROPPING 2 potions of invisibility.
  1689 | D:3      | Found a sacrificial altar of Ru.
  1879 | D:3      | Reached skill level 5 in Shields
  1879 | D:3      | Reached XP level 5. HP: 17/32 MP: 2/5
  2114 | D:3      | 2114 ||| DROPPING +0 whip.
  2130 | D:3      | Found a glowing silver altar of Zin.
  2130 | D:3      | Noticed an angel
  2289 | D:3      | Noticed an ancient zyme
  2297 | D:3      | Found a transporter.
  2298 | D:3      | Found a one-way gate to the infinite horrors of the Abyss.
  2298 | D:3      | Noticed qw's ghost (amateur GrFi)
  2347 | D:3      | 2347 ||| Stepping ~*~*~tactically~*~*~ (stealth).
  2381 | D:3      | Found a transporter.
  2525 | D:3      | Found a shimmering altar of Xom.
  2526 | D:3      | Found a burning altar of Makhleb.
  2939 | D:3      | You fall into a shaft and drop 1 floor!
  2952 | D:4      | 2952 ||| Stepping ~*~*~tactically~*~*~ (hiding).
  2963 | D:4      | Reached skill level 6 in Shields
  2984 | D:4      | Reached XP level 6. HP: 31/37 MP: 6/6
  3167 | D:4      | 3167 ||| UPGRADING to +0 chain mail.
  3177 | D:4      | 3177 ||| DROPPING +0 scale mail.
  3178 | D:4      | 3178 ||| DROPPING ring of wizardry.
  3179 | D:4      | 3179 ||| UPGRADING to +6 ring of strength.
  3180 | D:4      | 3180 ||| READING scroll labelled YQOLUITHRE.
  3181 | D:4      | 3181 ||| READING scroll labelled TYD EZYCAGILA.
  3350 | D:4      | 3350 ||| STAIRDANCE
  3360 | D:3      | 3360 ||| DROPPING +0 flail.
  3364 | D:4      | 3364 ||| STAIRDANCE
  3369 | D:3      | Reached skill level 7 in Shields
  3383 | D:4      | 3383 ||| STAIRDANCE
  3407 | D:4      | 3407 ||| Stepping ~*~*~tactically~*~*~ (hiding).
  3536 | D:4      | Noticed a black bear
  3546 | D:4      | Killed a black bear
  3547 | D:4      | Reached XP level 7. HP: 36/41 MP: 4/7
  3633 | D:4      | Noticed a wyvern
  3641 | D:4      | HP: 8/41 [wyvern (6)]
  3645 | D:4      | HP: 3/41 [wyvern (4)]
  3646 | D:4      | Slain by a water moccasin

Levels and vault maps discovered:
D:1:      matt_arrival_refuge, layout_loops_cross, minmay_heptomino_o4
D:2:      layout_rooms, dreamdust_ecumenical_altar_grove,
          minmay_tree_intersection
D:3:      layout_loops_ring, grunt_temple_overflow_champion_of_chaos, zin_angel,
          mainiacjoe_overflow_tiny_flanked, gammafunk_ghost_abyssal_escape,
          corexii_item_surrounded_by_moat, kennysheep_path_1,
          roderic_serpentine_path, corner_web_ring
D:4:      layout_rooms, grunt_gozag_breadcrumbs, serial_bayou_pond_d,
          minmay_misc_feat_doors, minmay_manual_mandibuliform

Skill      XL: |  1  2  3  4  5  6 |
---------------+-------------------+-----
Axes           | 2 3 4 |  4.5
Shields        | 5 6 7 |  7.1
Fighting       | |  3.2
Armour         | |  3.2

Action                   |  1- 3 |  4- 6 |  7- 9 || total
-------------------------+-------+-------+-------++-------
Melee: War axe           |   115 |   178 |    21 ||   314
Throw: Boomerang         |     6 |    59 |     4 ||    69
  Use: Scroll            |     4 |     4 |       ||     8
       Potion            |       |     2 |       ||     2
Armor: Scale mail        |    87 |    86 |       ||   173
       Chain mail        |       |    34 |    21 ||    55
Dodge: Dodged            |    46 |    50 |     5 ||   101
Block: Buckler           |    23 |       |       ||    23
       Tower shield      |    14 |   153 |    31 ||   198

Table legend:
 A = Non-vault XP
 B = Vault XP
 C = Vault XP percentage of total XP
 D = Non-vault monster count
 E = Vault monster count
 F = Vault count percentage of total count
                 A         B        C        D         E       F
            +---------+---------+-------+---------+---------+-------
      Total |     672 |      58 |   7.9 |     102 |       8 |   7.3
            +---------+---------+-------+---------+---------+-------
        D:1 |      60 |       5 |   7.7 |      36 |       3 |   7.7
        D:2 |      49 |       0 |   0.0 |      19 |       0 |   0.0
        D:3 |     206 |      46 |  18.3 |      31 |       1 |   3.1
        D:4 |     357 |       7 |   1.9 |      16 |       4 |  20.0
            +---------+---------+-------+---------+---------+-------
